 Dungeon Crawl Stone Soup version 0.27.1-34-g3ba077fa99 (webtiles) character file.

Game seed: 4826984859421794019

206 growler the Gusty (level 5, 0/28 HPs)
             Began as a Tengu Air Elementalist on Jan 25, 2022.
             Slain by Grinder (5 damage)
             ... while paralysed by Grinder
             ... on level 4 of the Dungeon.
             The game lasted 00:07:55 (3705 turns).

growler the Gusty (Tengu Air Elementalist)          Turns: 3705, Time: 00:07:55

Health: 0/28       AC:  6    Str:  9    XL:     5   Next: 84%
Magic:  1/11       EV:  2    Int: 16    God:
Gold:   136        SH:  0    Dex: 14    Spells: 0/10 levels left

rFire    . . .     SeeInvis .   (no weapon)
rCold    . . .     Faith    .   (no shield)
rNeg     . . .     Spirit   .   a - +0 robe
rPois    .         Reflect  .   (helmet restricted)
rElec    .         Harm     .   (no cloak)
rCorr    .         Rampage  .   (no gloves)
Will     .....                  (boots unavailable)
Stlth    ++........             c - amulet of the acrobat
HPRegen  0.09/turn              l - +4 ring of protection
MPRegen  0.12/turn              (no ring)

@: paralysed, flying quickly and evasively, quick
A: beak, talons 3, nimble flight
a: no special abilities


You were on level 4 of the Dungeon.
You visited 1 branch of the dungeon, and saw 4 of its levels.

You collected 136 gold pieces.

Inventory:

Armour
 a - a +0 robe (worn)
 f - a +0 buckler
   (You found it on level 1 of the Dungeon)
Jewellery
 c - an amulet of the acrobat (around neck)
   (You found it on level 1 of the Dungeon)
 d - an amulet of reflection
   (You found it on level 1 of the Dungeon)
 g - a ring of ice
   (You found it on level 2 of the Dungeon)
 l - a +4 ring of protection (left hand)
   (You found it on level 3 of the Dungeon)
Scrolls
 h - 3 scrolls of amnesia {unknown}
 i - a scroll of enchant weapon {unknown}
 k - a scroll of vulnerability {unknown}
 n - a scroll of teleportation {unknown}
Potions
 b - 2 potions of curing {unknown}
 e - a potion of resistance
 m - a potion of heal wounds {@q2}
 o - a potion of cancellation


   Skills:
 - Level 2.1 Dodging
 - Level 2.0 Stealth
 + Level 3.4 Spellcasting
 + Level 4.3 Conjurations
 + Level 5.8 Air Magic


You couldn't memorise any spells.
You knew the following spells:

 Your Spells              Type           Power      Damage    Failure   Level
a - Shock                 Conj/Air       72%        1d7       2%          1
b - Airstrike             Air            10%        N/A       16%         4
d - Static Discharge      Conj/Air       18%        N/A       3%          2
s - Swiftness             Air            21%        N/A       4%          3

Your spell library contained the following spells:

 Spells                   Type           Power      Damage    Failure   Level


Dungeon Overview and Level Annotations

Branches:
Dungeon (4/15)
 Temple: D:4-7

Altars:

Annotations:
D:4 Grinder, Sigmund


Innate Abilities, Weirdness & Mutations

You have a beak for a mouth.
You have claws for feet.
Your magical nature lets you fly swiftly and evasively.


Message History

As you read the scroll of identify {@r1}, it crumbles to dust.
o - a potion of cancellation
As you read the scroll of identify {@r1}, it crumbles to dust.
m - a potion of heal wounds
Found a stone staircase leading up.
There is a stone staircase leading up here.
Found 5 gold pieces.
You now have 136 gold pieces (gained 5).
You reach down and open the door.
Sigmund the Dreaded comes into view.
He is wielding a +7 scythe of protection.
Found an escape hatch in the floor.
Found 6 boomerangs.
You see here 6 boomerangs.
Found 7 datura-tipped darts.
Grinder comes into view.
Grinder says, "Tell me all your secrets, or I'll kill you."
Grinder gestures at you. You resist with significant effort.
Grinder is struck by an arc of lightning.
You are struck by an arc of lightning.
The lightning grounds out.
Grinder barely misses you.
Grinder is struck by an arc of lightning.
You are struck by an arc of lightning.
The lightning grounds out.
Grinder hits you.
You writhe in agony.
Grinder is struck by an arc of lightning.
The lightning grounds out.
Grinder misses you.
Grinder is struck by an arc of lightning.
You are struck by an arc of lightning.
The lightning grounds out.
Grinder hits you.
Grinder is struck by an arc of lightning!
You are struck by an arc of lightning.
* * * LOW HITPOINT WARNING * * *
The lightning grounds out.
Grinder blinks!
Grinder is struck by an arc of lightning.
You are struck by an arc of lightning.
* * * LOW HITPOINT WARNING * * *
The lightning grounds out.
Grinder hits you!
* * * LOW HITPOINT WARNING * * *
You aren't carrying any items that you can evoke.
Unknown command.
You barely miss Grinder. Grinder misses you.
You closely miss Grinder. Your kick misses Grinder.
Grinder hits you but does no damage.
You hit Grinder. Your kick misses Grinder. Your peck misses Grinder.
Grinder barely misses you.
You hit Grinder but do no damage. Grinder gestures at you.
You suddenly lose the ability to move!
Grinder hits you.
You die...

####.#...####
......###
#...........+
.@....'..
#.##.#...#.##
......### #
#.##.##.#
>.... #
#.##.##.#
.... #
#....##.# ...
# #.#..##.#
#+ #
.##.#.5##.# #
.......@..# #
#####.##### #
# # .### ....
####


You could see Grinder.

Vanquished Creatures
  A water moccasin skeleton (D:3)
  Jessica (D:3)
  6 adders
  2 orcs (D:3)
  6 bats
  6 endoplasms
  5 giant cockroaches
  8 goblins
  9 hobgoblins
  2 jackals
  6 quokkas
  8 ball pythons
  A ball python skeleton (D:3)
  3 frilled lizards
  6 kobolds
  7 rats
77 creatures vanquished.

Notes
Turn   | Place    | Note
-------+----------+-------------------------------------------
     0 | D:1      | growler the Tengu Air Elementalist began the quest for the
                  | Orb.
     0 | D:1      | Reached XP level 1. HP: 10/10 MP: 4/4
   481 | D:1      | Reached XP level 2. HP: 15/15 MP: 1/6
   490 | D:1      | Learned a level 2 spell: Static Discharge
  1052 | D:1      | Reached XP level 3. HP: 19/19 MP: 5/7
  1056 | D:1      | Learned a level 3 spell: Swiftness
  1780 | D:2      | Reached XP level 4. HP: 12/24 MP: 1/9
  2373 | D:3      | Reached skill level 5 in Air Magic
  2754 | D:3      | Gained mutation: Your magical nature lets you fly swiftly
                  | and evasively. [Tengu growth]
  2754 | D:3      | Reached XP level 5. HP: 21/28 MP: 1/10
  2778 | D:3      | Learned a level 4 spell: Airstrike
  2988 | D:3      | Noticed Jessica
  2991 | D:3      | Killed Jessica
  3598 | D:4      | Noticed Sigmund
  3688 | D:4      | Noticed Grinder
  3704 | D:4      | Paralysed by Grinder for 2 turns
  3705 | D:4      | Slain by Grinder

Illustrated notes

Levels and vault maps discovered:
D:1:      wander_arrival_fairy_ring, layout_basic
D:2:      layout_rooms
D:3:      minmay_thinvault, layout_rooms, uniq_jessica
D:4:      layout_loops_corners, dk_yredelemnul_ordeal, solitary_fountain,
          uniq_duvessa, uniq_grinder, uniq_sigmund

Skill      XL: |  1  2  3  4  5 |
---------------+----------------+-----
Conjurations   | 2 3 4 |  4.3
Air Magic      | 5 |  5.8
Spellcasting   | 3 |  3.4
Dodging        | |  2.1
Stealth        | |  2.0

Action                   |  1- 3 |  4- 6 || total
-------------------------+-------+-------++-------
Melee: Unarmed           |     8 |    13 ||    21
       Kick              |     1 |     3 ||     4
       Peck              |       |     3 ||     3
 Cast: Shock             |    68 |    49 ||   117
       Static Discharge  |     5 |    19 ||    24
  Use: Scroll            |       |     3 ||     3
Armor: Robe              |     2 |    12 ||    14
Dodge: Dodged            |    16 |    34 ||    50
